 Dungeon Crawl Stone Soup version 0.30.1-11-g7821555f0a (webtiles) character file.

Game seed: 4391299254079623277

12604 porpoise the Warrior (level 11, 0/113 HPs)
             Began as a Minotaur Hunter on Jan 11, 2024.
             Slain by a red ugly thing (20 damage)
             ... on level 12 of the Dungeon.
             The game lasted 00:27:30 (9966 turns).

porpoise the Warrior (Minotaur Hunter)              Turns: 9966, Time: 00:27:37

Health: 0/113      AC: 17    Str: 18    XL:     11   Next: 64%
Magic:  10/10      EV: 15    Int:  6    God:
Gold:   576        SH:  0    Dex: 18    Spells: 7/10 levels left

rFire   . . .        a - +1 shortbow
rCold   . . .        (shield currently unavailable)
rNeg    . . .        z - +5 ring mail of the Lich-sworn {Str+2}
rPois   .            J - +2 hat {SInv}
rElec   .            d - +1 cloak {Will+}
rCorr   +            (no gloves)
SInv    +            e - +0 pair of boots
Will    ++...        (no amulet)
Stlth   +            x - ring of resist corrosion
HPRegen 0.38/turn    A - ring of willpower
MPRegen 0.12/turn

%: no passive effects
@: studying Unarmed Combat
A: horns 2, retaliatory headbutt
a: no special abilities


You were on level 12 of the Dungeon.
You visited 2 branches of the dungeon, and saw 13 of its levels.

You collected 576 gold pieces.

Inventory:

Hand Weapons
 a - a +1 shortbow (weapon)
 b - a +7 short sword of draining
 f - a +1 vampiric short sword
 N - a +0 war axe
Missiles
 k - 11 poisoned darts
 l - 3 throwing nets
 v - 5 boomerangs
Armour
 d - a +1 cloak of willpower (worn)
 e - a +0 pair of boots (worn)
 o - +0 acid dragon scales
 z - the +5 ring mail of the Lich-sworn (worn) {Str+2}
   (You found it on level 4 of the Dungeon)

   Str:       It affects your strength (+2).
 E - a +1 chain mail of willpower
 G - +0 steam dragon scales
 H - a +0 chain mail of poison resistance
 J - a +2 hat of see invisible (worn)
 O - an orb of light
Jewellery
 x - a ring of resist corrosion (left hand)
 y - a ring of fire
 A - a ring of willpower (right hand)
 Q - a ring of protection from cold
Wands
 c - a wand of polymorph (1)
 h - a wand of flame (24)
 m - a wand of mindburst (18)
 D - a wand of charming (21)
 L - a wand of digging (5)
Scrolls
 j - 2 scrolls of blinking
 n - a scroll of fear
 p - a scroll of noise
 t - 2 scrolls of amnesia
 w - a scroll of immolation
 C - a scroll of enchant weapon
 I - 2 scrolls of identify
 K - a scroll of brand weapon {unknown}
Potions
 g - 2 potions of lignification
 i - 2 potions of magic
 q - 2 potions of invisibility
 r - 2 potions of brilliance
 s - a potion of flight
 u - a potion of might
 B - 2 potions of haste
 F - 2 potions of attraction
 M - a potion of berserk rage {unknown}
 P - a potion of curing


   Skills:
 - Level 15.4 Fighting
 - Level 6.0 Axes
 - Level 14.2 Ranged Weapons
 + Level 8.4 Armour
 - Level 7.0 Dodging
 - Level 0.7 Stealth
 + Level 1.6 Evocations


You had 7 spell levels left.
You knew the following spells:

 Your Spells              Type           Power      Damage    Failure   Level
a - Portal Projectile     Hex/Tloc       0%         N/A       94%         3

Your spell library contained the following spells:

 Spells                   Type           Power      Damage    Failure   Level
 Ensorcelled Hibernation  Hex/Ice        0%         N/A       77%         2
 Passwall                 Tmut/Erth      0%         N/A       77%         2
 Poisonous Vapours        Pois/Air       0%         N/A       77%         2
 Call Canine Familiar     Summ           0%         N/A       94%         3
 Mephitic Cloud           Conj/Pois/Air  0%         N/A       94%         3
 Swiftness                Air            0%         N/A       94%         3
 Tukima's Dance           Hex            0%         N/A       94%         3
 Vhi's Electric Charge    Tloc/Air       0%         N/A       94%         3
 Leda's Liquefaction      Hex/Erth       0%         N/A       100%        4
 Arcjolt                  Conj/Air       0%         1d10      100%        5
 Blade Hands              Tmut           0%         N/A       100%        5
 Freezing Cloud           Conj/Ice/Air   0%         6-21      100%        5
 Plasma Beam              Fire/Air       0%         2x1d11    100%        6


Dungeon Overview and Level Annotations

Branches:
Dungeon (13/15)            Temple (1/1) D:6
   Lair: D:8-11         Orc: D:9-12      Vaults: D:13-14

Altars:
Ashenzari
Cheibriados
Dithmenos
Elyvilon
Fedhas
Gozag
Kikubaaqudgha
Makhleb
Nemelex Xobeh
Okawaru
Qazlal
Ru
Sif Muna
Uskayaw
Vehumet
Wu Jian
Xom
Yredelemnul
Zin
The Shining One

Shops:
D:12 *

Annotations:
D:8 3 runed translucent doors, Marethyu's ghost, novice DsGl


Innate Abilities, Weirdness & Mutations

You have a pair of horns on your head.
You reflexively headbutt those who attack you in melee.


Message History

The red ugly thing tentacle-slaps you but does no damage.
The orc wizard completely misses you. You furiously retaliate!
You headbutt the orc wizard! You shoot an arrow.
The arrow hits the red ugly thing!
The red ugly thing is heavily wounded.
The red ugly thing tentacle-slaps you!
You are engulfed in flames!!
* * * LOW HITPOINT WARNING * * *
The orc wizard casts a spell at you.
The magic dart hits you but does no damage.
You shoot an arrow.
The arrow hits the red ugly thing but does no damage.
The red ugly thing is heavily wounded.
The red ugly thing tentacle-slaps you but does no damage.
The orc wizard points at you and mumbles some strange words.
The magic dart hits you but does no damage.
You shoot an arrow. The arrow hits the red ugly thing!
The red ugly thing is heavily wounded.
The red ugly thing barely misses you. You furiously retaliate!
You headbutt the red ugly thing. You shoot an arrow.
The arrow barely misses the red ugly thing.
The orc wizard hits you but does no damage.
The red ugly thing tentacle-slaps you but does no damage.
You shoot an arrow.
The arrow closely misses the red ugly thing.
The orc wizard misses you. You furiously retaliate!
You headbutt the orc wizard!
You kill the orc wizard!
You shoot an arrow. The arrow hits the red ugly thing!
The red ugly thing is severely wounded.
The red ugly thing tentacle-slaps you but does no damage.
The orc closely misses you.
Unknown command.
You shoot an arrow.
The arrow hits the red ugly thing but does no damage.
The red ugly thing is severely wounded.
The red ugly thing tentacle-slaps you.
* * * LOW HITPOINT WARNING * * *
You are engulfed in flames!!
You die...

...... ##### ......
.....###......
.........oo..
....#.o.. .
###..... ... ###
♣♣§##..)#####.....
#.#♣♣§♣♣#...o@u...#
#.#.§§.♣#...#######
####.#..§..#...#
...............#
###...........##
###.##..⌠..#.......
#...##♣...♣#....###
..### ♣♣∩♣♣#..###
..# ♣♣♣ #..#


You could see a red ugly thing and an orc.

Vanquished Creatures
  Gastronok (D:9)
  Harold (D:9)
  Pikel (D:5)
  Maurice (D:10)
  A cane toad (D:7)
  A wraith (D:13)
  4 yaks (D:9)
  2 wyverns
  2 steam dragons (D:8)
  3 acid dragons
  A water moccasin (D:5)
  2 sky beasts
  4 orc warriors
  4 ice beasts
  A black bear (D:6)
  3 ogres (D:6)
  3 centaurs
  A phantom (D:5)
  A lemure (D:6)
  2 bullfrogs
  6 scorpions
  4 wights (D:7)
  4 howler monkeys
  5 hounds
  Crazy Yiuf (D:6)
  4 orc priests
  3 jellies
  11 iguanas
  2 sleepcaps
  13 orc wizards
  8 gnolls
  4 adders
  2 shadow imps
  3 white imps
  11 worms
  A dart slug (D:4)
  27 orcs
  4 ball pythons
  7 endoplasms
  7 giant cockroaches
  5 goblins
  7 hobgoblins
  7 jackals
  5 quokkas
  4 bats
  5 kobolds
  4 rats
203 creatures vanquished.

Notes
Turn   | Place    | Note
-------+----------+-------------------------------------------
     0 | D:1      | porpoise the Minotaur Hunter began the quest for the Orb.
     0 | D:1      | Reached XP level 1. HP: 18/18 MP: 0/0
    95 | D:1      | Reached XP level 2. HP: 25/25 MP: 1/1
   109 | D:1      | Reached skill level 1 in Armour
   572 | D:2      | Reached skill level 5 in Ranged Weapons
   586 | D:2      | Reached skill level 3 in Fighting
   602 | D:2      | Reached XP level 3. HP: 31/31 MP: 2/2
   773 | D:2      | Found a faded altar of an unknown god.
   980 | D:3      | Reached XP level 4. HP: 13/38 MP: 3/3
  1084 | D:3      | Found an opulent altar of Gozag.
  1624 | D:4      | Noticed a scorpion
  1632 | D:4      | Killed a scorpion
  1633 | D:4      | Reached skill level 4 in Fighting
  1633 | D:4      | Reached XP level 5. HP: 25/46 MP: 4/4
  1982 | D:4      | Identified the +5 ring mail of the Lich-sworn {Str+2}
  2347 | D:4      | Noticed an ice beast
  2362 | D:4      | Killed an ice beast
  2363 | D:4      | Reached XP level 6. HP: 41/53 MP: 5/5
  2665 | D:5      | Entered Level 5 of the Dungeon
  2719 | D:5      | Reached skill level 5 in Fighting
  2790 | D:5      | Reached XP level 7. HP: 61/61 MP: 6/6
  2951 | D:5      | Reached skill level 11 in Fighting
  2951 | D:5      | Reached XP level 8. HP: 24/83 MP: 7/7
  2970 | D:5      | HP: 3/83 [hound (2)]
  2971 | D:5      | Reached skill level 14 in Fighting
  2971 | D:5      | Reached XP level 9. HP: 3/95 MP: 8/8
  2982 | D:5      | Reached skill level 15 in Fighting
  2982 | D:5      | Reached skill level 5 in Armour
  2982 | D:5      | Reached XP level 10. HP: 12/106 MP: 9/9
  2992 | D:5      | Reached skill level 5 in Dodging
  3600 | D:5      | Reached skill level 1 in Axes
  3905 | D:6      | Noticed Maggie
  3906 | D:6      | Maggie changed into Maggie the scorpion
  3906 | D:6      | Noticed Maggie
  3917 | D:6      | Killed Maggie the scorpion
  4195 | D:6      | Found a glowing silver altar of Zin.
  4476 | D:6      | Found a staircase to the Ecumenical Temple.
  4486 | Temple   | Entered the Ecumenical Temple
  4574 | D:6      | Found a runed translucent door.
  4575 | D:6      | Noticed Crazy Yiuf
  4591 | D:6      | Killed Crazy Yiuf
  4834 | D:6      | Found a stormy altar of Qazlal.
  4957 | D:6      | Noticed Pikel
  4984 | D:5      | Killed Pikel
  5078 | D:6      | Found a shadowy altar of Dithmenos.
  5808 | D:7      | Noticed a cane toad
  6165 | D:7      | Killed a cane toad
  6650 | D:7      | Reached XP level 11. HP: 104/113 MP: 10/10
  7429 | D:7      | Found a snail-covered altar of Cheibriados.
  7720 | D:8      | Learned a level 3 spell: Portal Projectile
  7733 | D:8      | Found a runed translucent gate.
  7735 | D:8      | Found a runed translucent gate.
  7736 | D:8      | Found a runed translucent gate.
  7738 | D:8      | Noticed Marethyu's ghost (novice DsGl)
  7934 | D:8      | Found an iron altar of Okawaru.
  7935 | D:8      | Found a burning altar of Makhleb.
  8563 | D:9      | Found a blossoming altar of Fedhas.
  8653 | D:9      | Found an ornate altar of the Wu Jian Council.
  8939 | D:9      | Noticed Gastronok
  8964 | D:9      | Killed Gastronok
  8965 | D:9      | Reached skill level 5 in Axes
  9068 | D:9      | Noticed Harold
  9093 | D:9      | Killed Harold
  9601 | D:10     | Entered Level 10 of the Dungeon
  9644 | D:10     | Noticed Maurice
  9656 | D:10     | Killed Maurice
  9657 | D:10     | Reached skill level 1 in Evocations
  9752 | D:10     | You fall into a shaft and drop 3 floors!
  9907 | D:12     | Found Biydejag's Fire Supplies.
  9946 | D:12     | Noticed a red ugly thing
  9966 | D:12     | Slain by a red ugly thing

Illustrated notes

Levels and vault maps discovered:
D:1:      scummos_arrival_simple_fountains, layout_basic, kennysheep_boxes
D:2:      layout_basic, ebering_ecumenical_altar_mist
D:3:      layout_rooms, nicolae_gozag_cash_rules_everything_around_me
D:4:      layout_basic
D:5:      minmay_recursive_quarters, layout_cave_pools, gup_sewer_entry_pipe,
          corexii_checkpoint_a, nicolae_wormholes
D:6:      layout_gridville, marbit_many_paths, nicolae_dithmenos_shadow_blocks,
          zin_academy, temple_hall, minmay_diced_spiral,
          uniq_crazy_yiuf_cottage, uniq_maggie, uniq_pikel
D:7:      layout_gridville, cheibrodos_worm_habitat, minmay_manual_mail
D:8:      layout_loops_ring, mainiacjoe_overflow_divided_tiny,
          gammafunk_ghost_nasty_kobolds
D:9:      layout_gridville, nicolae_wu_jian_wuxing_cycle,
          fedhas_altar_fruit_tree, uniq_gastronok, uniq_harold
D:10:     layout_basic, nzn_hepliaklqana_mist_gate,
          mainiacjoe_overflow_cross_hatched, orc_0_dummy, uniq_maurice
D:12:     layout_rooms, portal_ice_cave_rime, nicolae_shop_fire_sale
          [nicolae_sub_dead_trees]
D:13:     layout_roguey, lightli_vaults_fourway_checkpoint, vehumet_statue,
          uniq_snorg
Temple:   nicolae_temple_ecumenical_triangle

Skill      XL: |  1  2  3  4  5  6  7  8  9 10 11 |
---------------+----------------------------------+-----
Armour         | 1 2 5 6 8 |  8.4
Ranged Weapons | 5 6 7 12 14 | 14.2
Fighting       | 3 4 5 11 14 15 | 15.4
Dodging        | 4 5 7 |  7.0
Axes           | 3 6 |  6.0
Evocations     | 1 |  1.6
Stealth        | |  0.7

Action                     |  1- 3 |  4- 6 |  7- 9 | 10-12 || total
---------------------------+-------+-------+-------+-------++-------
  Melee: War axe           |       |       |    12 |    62 ||    74
         Headbutt          |       |       |       |    17 ||    17
         Shortbow          |       |       |       |     1 ||     1
   Fire: Shortbow          |    97 |   125 |    32 |   618 ||   872
  Evoke: Wand              |       |       |       |     2 ||     2
    Use: Scroll            |       |     6 |     3 |    10 ||    19
         Potion            |       |       |     6 |     4 ||    10
 Armour: Ring mail         |     9 |    38 |    32 |   210 ||   289
  Dodge: Dodged            |     8 |    30 |    27 |   192 ||   257
